 Dungeon Crawl Stone Soup version 0.29.0-4-gdea44cf6ec (webtiles) character file.

Game seed: 12718322056646123446

14445 qw the Brawler (level 11, -11/107 HPs)
             Began as a Troll Cinder Acolyte on Aug 31, 2022.
             Was a Priest of Ignis.
             Mangled by a komodo dragon (22 damage)
             ... on level 1 of the Lair of Beasts.
             The game lasted 00:05:07 (9326 turns).

qw the Brawler (Troll Cinder Acolyte)               Turns: 9326, Time: 00:05:08

Health: -11/107    AC: 21    Str: 27    XL:     11   Next: 88%
Magic:  11/11      EV: 10    Int: 14    God:    Ignis [***...]
Gold:   505        SH:  0    Dex: 10    Spells: 12/12 levels left

rFire   + . .      SeeInvis .     - Unarmed
rCold   . . .      Faith    .   (no shield)
rNeg    . . .      Spirit   .   i - +3 acid dragon scales
rPois   +          Reflect  .   e - +1 hat
rElec   .          Harm     .   j - +0 cloak
rCorr   +          Rampage  .   (gloves unavailable)
Will    .....      Clarity  +   (boots unavailable)
Stlth   +.........              d - amulet of Tuymoq {RegenMP Slay+2}
HPRegen 1.07/turn               g - +6 ring of dexterity
MPRegen 0.52/turn               n - +4 ring of slaying {mikee}

@: lethally poisoned (-11 -> -12), about to teleport, fiery-armoured
A: large, unfitting armour, claws 3, regeneration 1, shaggy fur 1, tough skin 1,
clarity, clever 1, poison resistance, MP-powered wands
a: Renounce Religion, Fiery Armour, Foxfire Swarm, Rising Flame


You were on level 1 of the Lair of Beasts.
You worshipped Ignis.
Ignis was most pleased with you.
You visited 2 branches of the dungeon, and saw 12 of its levels.

You collected 670 gold pieces.
You spent 165 gold pieces at shops.


Innate Abilities, Weirdness & Mutations

You are too large for most types of armour.
You have claws for hands.
Your natural rate of healing is unusually fast.
You are covered in fur. (AC +1)
You have tough skin. (AC +1)
You possess an exceptional clarity of mind.
Your mind is acute. (Int +4, Str/Dex -1)
Your system is resistant to poisons. (rPois)
You expend magic power (3 MP) to strengthen your wands.


   Skills:
 + Level 6.9 Fighting
 - Level 4.0 Throwing
 - Level 3.3 Armour
 - Level 3.6 Dodging
 - Level 16.0 Unarmed Combat
 - Level 1.0 Spellcasting
 - Level 2.1 Fire Magic


You had 12 spell levels left.
You didn't know any spells.
Your spell library contained the following spells:

 Spells                   Type           Power      Damage    Failure   Level
 Scorch                   Fire           12%        2d5       19%         2

Inventory:

Missiles
 p - 2 javelins (quivered)
Armour
 e - a +1 hat (worn)
 i - +3 acid dragon scales (worn)
 j - a +0 cloak (worn)
Jewellery
 d - the amulet of Tuymoq (around neck) {RegenMP Slay+2}
   (You acquired it on level 3 of the Dungeon)

   [amulet of magic regeneration]

   It increases your rate of magic regeneration.
   Slay:      It affects your accuracy & damage with ranged weapons and melee
   (+2).
 g - a +6 ring of dexterity (left claw)
 n - a +4 ring of slaying (right claw) {mikee}
Scrolls
 l - a scroll of identify
 m - a scroll of teleportation
Potions
 b - 5 potions of mutation
 c - 9 potions of curing
 h - a potion of haste
 k - a potion of cancellation {unknown}

Dungeon Overview and Level Annotations

Branches:
Dungeon (11/15)            Temple (0/1) D:4            Lair (1/5) D:11
    Orc (0/2) D:10

Altars:
Cheibriados
Elyvilon
Gozag
Makhleb
Nemelex Xobeh
Okawaru
Ru
Zin
The Shining One
Jiyva

Shops:
D:4 (   D:6 [   D:8 :   D:9 :[(*   D:11 :

Annotations:
D:4 2 transporters, qw's ghost, amateur TeWr
D:7 3 runed translucent doors, qw's ghost, amateur TeWr; qw's ghost, novice TeWr
D:8 3 runed translucent doors, qw's ghost, novice TeWr
D:9 2 transporters, qw's ghost, novice TeWr
Lair:1 Erica; Grum


Message History

The cane toad is burned by your cloak of flames.
The cane toad is severely wounded.
You mangle the cane toad!!
You kill the cane toad!
The black mamba closely misses you.
You claw the black mamba!
The black mamba is severely wounded.
The black mamba bites you!
You are poisoned.
The black mamba poisons you!
The black mamba is burned by your cloak of flames.
The black mamba is almost dead.
You miss the black mamba. You claw the black mamba.
You kill the black mamba!
You feel very sick.
9321 ||| Stepping ~*~*~tactically~*~*~ (stealth).
You feel very sick.
You feel very sick.
The komodo dragon hisses angrily.
The komodo dragon bites you but does no damage.
Erica hits the fungus with a +4 scimitar of flaming!!
The fungus begins to die.
Erica burns the fungus.
You claw the komodo dragon!
The komodo dragon is heavily wounded.
You feel sick. The komodo dragon bites you.
You claw the komodo dragon!
The komodo dragon is severely wounded.
You feel sick.
You closely miss the komodo dragon.
The komodo dragon is severely wounded.
You feel sick. The komodo dragon bites you!!
The komodo dragon is burned by your cloak of flames.
The komodo dragon is severely wounded.
Erica hits the fungus with a +4 scimitar of flaming!
Erica burns the fungus.
9326 ||| READING 2 scrolls of teleportation.
As you read the scroll of teleportation, it crumbles to dust.
You feel strangely unstable.
You feel sick. The komodo dragon bites you!!
You die...

#...##.#.#.#.##.#.....#
#.#.##...#.#.##.#...#.#
#......#.#.#..#.#...#.#
#.#.##.......#....#....
# #.#..#.#......#......
#.##.#.#.#.##.#.#.#.P
#<##.# #....#...# #.#
#%##.# #.P.##.#..
#.##@#.....##.#.#
...#%l@g.#.#... #
..##.P...#.# .#
.#........#
.#..#...#...
#...##.......#
#.....#(# P...P.#.#


You could see Erica, a komodo dragon and Grum.

Vanquished Creatures
  A two-headed ogre (D:11)
  A wizard (D:11)
  5 elephants
  A black mamba (Lair:1)
  Maggie (D:6)
  A cane toad (Lair:1)
  An unseen horror (D:11)
  A komodo dragon (Lair:1)
  2 trolls
  Prince Ribbit (D:7)
  3 blink frogs (Lair:1)
  A wraith (D:11)
  A wyvern (D:11)
  2 shadows
  14 yaks (D:10)
  A steam dragon (D:9)
  7 vampire mosquitoes (D:11)
  Menkaure (D:6)
  3 water moccasins
  3 ice beasts (D:7)
  2 orc warriors
  5 black bears
  A sky beast (D:7)
  3 ogres
  2 wolves (Lair:1)
  7 centaurs
  A phantom (D:4)
  5 kobold brigands
  7 bullfrogs
  A gnoll sergeant (D:9)
  A necrophage (D:8)
  10 wights (D:9)
  11 killer bees
  2 electric eels
  A howler monkey (D:6)
  4 hounds
  3 jellies
  A gnoll bouda (D:6)
  3 orc priests
  6 iguanas
  9 orc wizards
  A mummy (D:4)
  12 gnolls
  9 adders
  2 white imps
  2 ufetubi (D:5)
  3 dart slugs
  2 worms
  20 orcs
  3 ball pythons
  5 endoplasms
  3 giant cockroaches
  7 goblins
  9 hobgoblins
  15 jackals
  3 quokkas
  3 bats (D:1)
  6 frilled lizards
  A hobgoblin zombie (D:4)
  23 kobolds
  2 kobold zombies (D:4)
  An orc zombie (D:4)
  5 rats
273 creatures vanquished.

Vanquished Creatures (others)
  2 kobolds (D:9)
  6 fungi
  36 plants
  2 withered plants (D:7)
46 creatures vanquished.

Grand Total: 319 creatures vanquished

Notes
Turn   | Place    | Note
-------+----------+-------------------------------------------
     0 | D:1      | qw the Troll Cinder Acolyte began the quest for the Orb.
     0 | D:1      | Reached XP level 1. HP: 22/22 MP: 1/1
     0 | D:1      | 0 ||| qw: Version: 0.1-a-97-g2dd2ca4
     0 | D:1      | 0 ||| qw: Game counter: 4471
     0 | D:1      | 0 ||| qw: Always use a shield: true
     0 | D:1      | 0 ||| qw: God list: Okawaru
     0 | D:1      | 0 ||| qw: Allow faded altars: false
     0 | D:1      | 0 ||| qw: Do Orc after D:15 true
     0 | D:1      | 0 ||| qw: Do second Lair branch before Depths: true
     0 | D:1      | 0 ||| qw: Lair rune preference: random
     0 | D:1      | 0 ||| qw: Plans: Normal
     0 | D:1      | 0 ||| PLANNING D:1-11
   261 | D:1      | 261 ||| Stepping ~*~*~tactically~*~*~ (hiding).
   330 | D:1      | 330 ||| Stepping ~*~*~tactically~*~*~ (stealth).
   332 | D:1      | 332 ||| Stepping ~*~*~tactically~*~*~ (hiding).
   400 | D:1      | Reached XP level 2. HP: 29/29 MP: 2/2
   574 | D:1      | Found a faded altar of an unknown god.
   762 | D:1      | 762 ||| READING scroll labelled ELOHEK UDIMIDI.
   883 | D:2      | 883 ||| Stepping ~*~*~tactically~*~*~ (stealth).
   891 | D:2      | Reached skill level 4 in Unarmed Combat
   919 | D:2      | Reached XP level 3. HP: 36/36 MP: 3/3
   971 | D:2      | Found an iron altar of Okawaru.
  1254 | D:2      | Reached skill level 1 in Throwing
  1264 | D:2      | Reached XP level 4. HP: 40/44 MP: 4/4
  1734 | D:2      | 1734 ||| DROPPING ring of flight.
  1735 | D:2      | 1735 ||| UPGRADING to +6 ring of dexterity.
  1736 | D:2      | 1736 ||| READING scroll labelled ROJUAL POAJEI.
  1837 | D:2      | 1837 ||| READING scroll labelled KAN ESHUB ALEMU.
  1842 | D:2      | 1842 ||| READING scroll labelled JANNEUC YNOCK.
  1881 | D:3      | 1881 ||| INVOKING Fiery Armour.
  1887 | D:3      | Reached skill level 5 in Unarmed Combat
  1893 | D:3      | Found a sacrificial altar of Ru.
  1895 | D:3      | 1895 ||| Stepping ~*~*~tactically~*~*~ (outnumbered).
  1898 | D:3      | Reached skill level 1 in Dodging
  1898 | D:3      | Reached XP level 5. HP: 42/50 MP: 5/5
  1900 | D:3      | 1900 ||| FLEEEEING.
  1901 | D:3      | 1901 ||| FLEEEEING.
  1902 | D:3      | 1902 ||| FLEEEEING.
  1924 | D:3      | 1924 ||| Stepping ~*~*~tactically~*~*~ (hiding).
  1926 | D:3      | 1926 ||| Stepping ~*~*~tactically~*~*~ (hiding).
  2041 | D:3      | 2041 ||| Stepping ~*~*~tactically~*~*~ (stealth).
  2077 | D:3      | Identified the +7 mace of Armageddon {venom, Contam rPois
                  | Dex+8}
  2212 | D:3      | 2212 ||| Stepping ~*~*~tactically~*~*~ (stealth).
  2361 | D:3      | 2361 ||| READING scroll labelled JOIBUM GODAPNY.
  2361 | D:3      | Identified a scroll of acquirement
  2361 | D:3      | 2361 ||| ACQUIRING amulet of Tuymoq {RegenMP Slay+2}
  2361 | D:3      | Acquired the amulet of Tuymoq {RegenMP Slay+2}
  2363 | D:3      | 2363 ||| UPGRADING to amulet of Tuymoq {RegenMP Slay+2}.
  2368 | D:3      | 2368 ||| READING scroll labelled SOBLIE VEKO.
  2369 | D:3      | 2369 ||| READING 3 scrolls labelled YTIGAKHL MERPHEK.
  2370 | D:3      | 2370 ||| DRINKING 2 silvery potions.
  2370 | D:3      | Gained mutation: You expend magic power (3 MP) to
                  | strengthen your wands. [potion of mutation]
  2370 | D:3      | Gained mutation: You possess an exceptional clarity of
                  | mind. [potion of mutation]
  2370 | D:3      | Gained mutation: Your mind is acute. (Int +4, Str/Dex -1)
                  | [potion of mutation]
  2370 | D:3      | Gained mutation: Your system is resistant to poisons.
                  | (rPois) [potion of mutation]
  2371 | D:3      | 2371 ||| DRINKING 2 cyan potions.
  2372 | D:3      | 2372 ||| DROPPING 2 scrolls of fear.
  2388 | D:4      | 2388 ||| Stepping ~*~*~tactically~*~*~ (stealth).
  2389 | D:4      | 2389 ||| Stepping ~*~*~tactically~*~*~ (stealth).
  2404 | D:4      | 2404 ||| INVOKING Fiery Armour.
  2406 | D:4      | Reached skill level 6 in Unarmed Combat
  2406 | D:4      | 2406 ||| Stepping ~*~*~tactically~*~*~ (hiding).
  2424 | D:4      | Reached XP level 6. HP: 57/59 MP: 6/6
  2480 | D:4      | 2480 ||| Stepping ~*~*~tactically~*~*~ (stealth).
  2481 | D:4      | 2481 ||| Stepping ~*~*~tactically~*~*~ (stealth).
  2549 | D:4      | Found a transporter.
  2553 | D:4      | Noticed qw's ghost (amateur TeWr)
  2570 | D:4      | Found a transporter.
  2641 | D:4      | 2641 ||| Stepping ~*~*~tactically~*~*~ (hiding).
  2648 | D:4      | 2648 ||| Stepping ~*~*~tactically~*~*~ (hiding).
  2652 | D:4      | 2652 ||| INVOKING Fiery Armour.
  2666 | D:4      | Reached skill level 7 in Unarmed Combat
  2666 | D:4      | Reached XP level 7. HP: 66/66 MP: 7/7
  2673 | D:4      | 2673 ||| Stepping ~*~*~tactically~*~*~ (stealth).
  2677 | D:4      | 2677 ||| Stepping ~*~*~tactically~*~*~ (stealth).
  2680 | D:4      | 2680 ||| Stepping ~*~*~tactically~*~*~ (stealth).
  2835 | D:4      | 2835 ||| Stepping ~*~*~tactically~*~*~ (stealth).
  2837 | D:4      | 2837 ||| Stepping ~*~*~tactically~*~*~ (stealth).
  2840 | D:4      | 2840 ||| Stepping ~*~*~tactically~*~*~ (stealth).
  2846 | D:4      | 2846 ||| Stepping ~*~*~tactically~*~*~ (stealth).
  2855 | D:4      | 2855 ||| Stepping ~*~*~tactically~*~*~ (stealth).
  2857 | D:4      | 2857 ||| Stepping ~*~*~tactically~*~*~ (stealth).
  2894 | D:4      | Found a staircase to the Ecumenical Temple.
  2946 | D:4      | 2946 ||| Stepping ~*~*~tactically~*~*~ (stealth).
  2947 | D:4      | 2947 ||| Stepping ~*~*~tactically~*~*~ (stealth).
  2989 | D:4      | Found Peatesm's Weapon Shop.
  2999 | D:4      | 2999 ||| READING 2 scrolls labelled MIPEMU NAUNIUPEUCW.
  3000 | D:4      | 3000 ||| DRINKING 2 orange potions.
  3001 | D:4      | 3001 ||| READING 2 scrolls of identify.
  3001 | D:4      | 3001 ||| IDENTIFYING viscous golden potion
  3002 | D:4      | 3002 ||| DROPPING potion of invisibility.
  3003 | D:4      | 3003 ||| DROPPING scroll of summoning.
  3036 | D:5      | Entered Level 5 of the Dungeon
  3037 | D:5      | 3037 ||| PLANNING SEWER
  3041 | D:5      | 3041 ||| Stepping ~*~*~tactically~*~*~ (stealth).
  3044 | D:5      | 3044 ||| Stepping ~*~*~tactically~*~*~ (stealth).
  3046 | D:5      | 3046 ||| Stepping ~*~*~tactically~*~*~ (stealth).
  3322 | D:5      | Found a burning altar of Makhleb.
  3327 | D:5      | Reached skill level 8 in Unarmed Combat
  3352 | D:5      | 3352 ||| Stepping ~*~*~tactically~*~*~ (stealth).
  3498 | D:5      | Reached skill level 3 in Fighting
  3566 | D:5      | Reached skill level 3 in Throwing
  3649 | D:5      | 3649 ||| RIP SEWER
  3650 | D:5      | 3650 ||| PLANNING D:1-11
  3652 | D:5      | 3652 ||| FLEEEEING.
  3653 | D:5      | 3653 ||| FLEEEEING.
  3787 | D:5      | 3787 ||| DROPPING orb of energy.
  3788 | D:5      | 3788 ||| READING scroll labelled KIDDIUSTR NOFIZ.
  3789 | D:5      | 3789 ||| READING scroll labelled BUBBA MALYAT.
  3790 | D:5      | 3790 ||| READING scroll labelled ROEH ZUTIZEA.
  3791 | D:5      | 3791 ||| READING scroll labelled BARIYFR GIKLAUHAD.
  3792 | D:5      | 3792 ||| READING 2 scrolls of identify.
  3792 | D:5      | 3792 ||| IDENTIFYING fuming orange potion
  3793 | D:5      | 3793 ||| DROPPING potion of lignification.
  3827 | D:6      | 3827 ||| STAIRDANCE
  3832 | D:6      | 3832 ||| STAIRDANCE
  3842 | D:6      | 3842 ||| STAIRDANCE
  3844 | D:5      | 3844 ||| Stepping ~*~*~tactically~*~*~ (outnumbered).
  3849 | D:5      | Reached XP level 8. HP: 75/75 MP: 8/8
  3854 | D:6      | 3854 ||| STAIRDANCE
  3861 | D:6      | 3861 ||| STAIRDANCE
  3942 | D:6      | Noticed Maggie
  3943 | D:6      | 3943 ||| Stepping ~*~*~tactically~*~*~ (hiding).
  4045 | D:6      | 4045 ||| Stepping ~*~*~tactically~*~*~ (hiding).
  4057 | D:6      | Killed Maggie
  4058 | D:6      | Reached skill level 9 in Unarmed Combat
  4302 | D:6      | 4302 ||| Stepping ~*~*~tactically~*~*~ (hiding).
  4360 | D:6      | 4360 ||| Stepping ~*~*~tactically~*~*~ (stealth).
  4361 | D:6      | 4361 ||| Stepping ~*~*~tactically~*~*~ (stealth).
  4387 | D:6      | 4387 ||| Stepping ~*~*~tactically~*~*~ (hiding).
  4388 | D:6      | 4388 ||| Stepping ~*~*~tactically~*~*~ (hiding).
  4389 | D:6      | 4389 ||| Stepping ~*~*~tactically~*~*~ (hiding).
  4394 | D:6      | Reached skill level 10 in Unarmed Combat
  4444 | D:6      | Noticed a gargoyle
  4524 | D:6      | Noticed Menkaure
  4525 | D:6      | 4525 ||| Stepping ~*~*~tactically~*~*~ (hiding).
  4533 | D:6      | Killed Menkaure
  4596 | D:6      | Found Rinkov's Antique Armour Shop.
  4605 | D:6      | 4605 ||| BUYING cloak (85 gold).
  4605 | D:6      | Bought a cloak for 85 gold pieces
  4881 | D:6      | 4881 ||| UPGRADING to +0 acid dragon scales.
  4891 | D:6      | 4891 ||| DROPPING +0 robe.
  4892 | D:6      | 4892 ||| UPGRADING to +0 cloak.
  4897 | D:6      | 4897 ||| READING 2 scrolls of enchant armour.
  4897 | D:6      | 4897 ||| ENCHANTING +0 acid dragon scales.
  4898 | D:6      | 4898 ||| READING scroll of enchant armour.
  4898 | D:6      | 4898 ||| ENCHANTING +1 acid dragon scales.
  4899 | D:6      | 4899 ||| READING scroll labelled TAOCSIPNYE.
  4906 | D:7      | 4906 ||| STAIRDANCE
  4911 | D:7      | 4911 ||| STAIRDANCE
  4916 | D:6      | Reached skill level 1 in Armour
  5001 | D:7      | Reached XP level 9. HP: 84/84 MP: 9/9
  5029 | D:7      | Found a white marble altar of Elyvilon.
  5085 | D:7      | Identified the +6 sling of the Evening {venom, rF+ Int+3}
  5161 | D:7      | Noticed Prince Ribbit
  5172 | D:7      | Killed Prince Ribbit
  5246 | D:7      | Found a runed translucent gate.
  5246 | D:7      | Found a runed translucent gate.
  5354 | D:7      | Found a runed translucent gate.
  5356 | D:7      | Noticed qw's ghost (novice TeWr)
  5356 | D:7      | Noticed qw's ghost (novice TeWr)
  5357 | D:7      | Noticed qw's ghost (novice TeWr)
  5357 | D:7      | Noticed qw's ghost (amateur TeWr)
  5397 | D:7      | Reached skill level 11 in Unarmed Combat
  5611 | D:7      | Found an opulent altar of Gozag.
  5638 | D:7      | Found a snail-covered altar of Cheibriados.
  5660 | D:7      | 5660 ||| Stepping ~*~*~tactically~*~*~ (stealth).
  5803 | D:7      | 5803 ||| Stepping ~*~*~tactically~*~*~ (stealth).
  5853 | D:7      | 5853 ||| Stepping ~*~*~tactically~*~*~ (stealth).
  5855 | D:7      | 5855 ||| Stepping ~*~*~tactically~*~*~ (hiding).
  5919 | D:7      | Identified the +7 morningstar of Crawling {vorpal, Str+3}
  5922 | D:7      | 5922 ||| Stepping ~*~*~tactically~*~*~ (stealth).
  5998 | D:7      | 5998 ||| UPGRADING to +1 hat.
  6003 | D:7      | 6003 ||| READING scroll labelled EKOTROCZOO.
  6138 | D:8      | 6138 ||| Stepping ~*~*~tactically~*~*~ (hiding).
  6143 | D:8      | 6143 ||| INVOKING Fiery Armour.
  6150 | D:8      | Reached skill level 12 in Unarmed Combat
  6150 | D:8      | 6150 ||| FLEEEEING.
  6155 | D:8      | 6155 ||| Stepping ~*~*~tactically~*~*~ (outnumbered).
  6158 | D:8      | 6158 ||| Stepping ~*~*~tactically~*~*~ (outnumbered).
  6159 | D:8      | 6159 ||| Stepping ~*~*~tactically~*~*~ (outnumbered).
  6160 | D:8      | 6160 ||| Stepping ~*~*~tactically~*~*~ (outnumbered).
  6161 | D:8      | 6161 ||| Stepping ~*~*~tactically~*~*~ (outnumbered).
  6203 | D:8      | 6203 ||| Stepping ~*~*~tactically~*~*~ (stealth).
  6217 | D:8      | 6217 ||| Stepping ~*~*~tactically~*~*~ (outnumbered).
  6224 | D:8      | 6224 ||| Stepping ~*~*~tactically~*~*~ (outnumbered).
  6226 | D:8      | 6226 ||| Stepping ~*~*~tactically~*~*~ (outnumbered).
  6228 | D:8      | 6228 ||| Stepping ~*~*~tactically~*~*~ (outnumbered).
  6347 | D:8      | Found a runed translucent gate.
  6348 | D:8      | Found a runed translucent gate.
  6376 | D:8      | Found a glowing silver altar of Zin.
  6419 | D:8      | Found Cakymnouqe's Book Boutique.
  6429 | D:8      | 6429 ||| FLEEEEING.
  6430 | D:8      | 6430 ||| FLEEEEING.
  6431 | D:8      | 6431 ||| FLEEEEING.
  6432 | D:8      | 6432 ||| FLEEEEING.
  6433 | D:8      | 6433 ||| FLEEEEING.
  6434 | D:8      | 6434 ||| FLEEEEING.
  6435 | D:8      | 6435 ||| FLEEEEING.
  6436 | D:8      | 6436 ||| FLEEEEING.
  6437 | D:8      | 6437 ||| FLEEEEING.
  6438 | D:8      | 6438 ||| FLEEEEING.
  6441 | D:8      | 6441 ||| STAIRDANCE
  6558 | D:8      | Found a runed translucent gate.
  6624 | D:8      | Found a glowing golden altar of the Shining One.
  6776 | D:8      | Noticed qw's ghost (novice TeWr)
  6779 | D:8      | Found a viscous altar of Jiyva.
  6780 | D:8      | 6780 ||| READING 2 scrolls of teleportation.
  6825 | D:9      | Reached XP level 10. HP: 89/96 MP: 10/10
  6845 | D:9      | Found Vamut's Antique Weapon Shop.
  6854 | D:9      | 6854 ||| INVOKING Fiery Armour.
  6855 | D:9      | 6855 ||| Stepping ~*~*~tactically~*~*~ (outnumbered).
  6856 | D:9      | 6856 ||| Stepping ~*~*~tactically~*~*~ (outnumbered).
  6857 | D:9      | 6857 ||| Stepping ~*~*~tactically~*~*~ (outnumbered).
  6858 | D:9      | 6858 ||| Stepping ~*~*~tactically~*~*~ (outnumbered).
  6859 | D:9      | 6859 ||| Stepping ~*~*~tactically~*~*~ (outnumbered).
  6860 | D:9      | 6860 ||| Stepping ~*~*~tactically~*~*~ (outnumbered).
  6861 | D:9      | 6861 ||| Stepping ~*~*~tactically~*~*~ (outnumbered).
  6865 | D:9      | 6865 ||| Stepping ~*~*~tactically~*~*~ (outnumbered).
  6933 | D:9      | Identified the +7 dagger of Flawed Execution {speed, Fly
                  | rC+ Dex-5 Stlth+}
  6939 | D:9      | Found a transporter.
  6950 | D:9      | Noticed qw's ghost (novice TeWr)
  6970 | D:9      | Noticed a moth of wrath
  6980 | D:9      | Found a transporter.
  7022 | D:9      | 7022 ||| READING scroll of enchant armour.
  7022 | D:9      | 7022 ||| ENCHANTING +2 acid dragon scales.
  7039 | D:9      | Found Gyepny's Book Shop.
  7045 | D:9      | 7045 ||| Stepping ~*~*~tactically~*~*~ (outnumbered).
  7046 | D:9      | 7046 ||| Stepping ~*~*~tactically~*~*~ (outnumbered).
  7047 | D:9      | 7047 ||| Stepping ~*~*~tactically~*~*~ (outnumbered).
  7049 | D:9      | 7049 ||| Stepping ~*~*~tactically~*~*~ (outnumbered).
  7113 | D:9      | Reached skill level 13 in Unarmed Combat
  7164 | D:9      | 7164 ||| Stepping ~*~*~tactically~*~*~ (hiding).
  7288 | D:9      | Found Ipumas Kuwn's Jewellery Emporium.
  7381 | D:9      | Found Deinis's General Store.
  7389 | D:9      | 7389 ||| BUYING potion of curing (48 gold).
  7389 | D:9      | Bought a potion of curing for 48 gold pieces
  7389 | D:9      | 7389 ||| BUYING scroll of identify (32 gold).
  7389 | D:9      | Bought a scroll of identify for 32 gold pieces
  7539 | D:9      | Found Umpar's Armour Shop.
  7549 | D:9      | 7549 ||| READING 2 scrolls of identify.
  7549 | D:9      | 7549 ||| IDENTIFYING grey potion
  7550 | D:9      | 7550 ||| DROPPING potion of degeneration.
  7586 | D:10     | Entered Level 10 of the Dungeon
  7625 | D:10     | 7625 ||| INVOKING Fiery Armour.
  7630 | D:10     | 7630 ||| Stepping ~*~*~tactically~*~*~ (outnumbered).
  7631 | D:10     | 7631 ||| Stepping ~*~*~tactically~*~*~ (outnumbered).
  7635 | D:10     | 7635 ||| Stepping ~*~*~tactically~*~*~ (outnumbered).
  7636 | D:10     | 7636 ||| Stepping ~*~*~tactically~*~*~ (outnumbered).
  7637 | D:10     | 7637 ||| Stepping ~*~*~tactically~*~*~ (outnumbered).
  7638 | D:10     | 7638 ||| Stepping ~*~*~tactically~*~*~ (outnumbered).
  7639 | D:10     | 7639 ||| Stepping ~*~*~tactically~*~*~ (outnumbered).
  7640 | D:10     | 7640 ||| Stepping ~*~*~tactically~*~*~ (outnumbered).
  7641 | D:10     | 7641 ||| Stepping ~*~*~tactically~*~*~ (outnumbered).
  7643 | D:10     | 7643 ||| Stepping ~*~*~tactically~*~*~ (outnumbered).
  7644 | D:10     | 7644 ||| Stepping ~*~*~tactically~*~*~ (outnumbered).
  7645 | D:10     | 7645 ||| Stepping ~*~*~tactically~*~*~ (outnumbered).
  7646 | D:10     | 7646 ||| Stepping ~*~*~tactically~*~*~ (outnumbered).
  7650 | D:10     | 7650 ||| Stepping ~*~*~tactically~*~*~ (outnumbered).
  7651 | D:10     | 7651 ||| Stepping ~*~*~tactically~*~*~ (outnumbered).
  7653 | D:10     | 7653 ||| Stepping ~*~*~tactically~*~*~ (outnumbered).
  7656 | D:10     | 7656 ||| Stepping ~*~*~tactically~*~*~ (outnumbered).
  7657 | D:10     | 7657 ||| Stepping ~*~*~tactically~*~*~ (outnumbered).
  7659 | D:10     | Reached skill level 14 in Unarmed Combat
  7710 | D:10     | 7710 ||| Stepping ~*~*~tactically~*~*~ (stealth).
  7712 | D:10     | 7712 ||| Stepping ~*~*~tactically~*~*~ (hiding).
  7713 | D:10     | 7713 ||| Stepping ~*~*~tactically~*~*~ (hiding).
  7714 | D:10     | 7714 ||| Stepping ~*~*~tactically~*~*~ (hiding).
  7721 | D:10     | 7721 ||| Stepping ~*~*~tactically~*~*~ (stealth).
  7728 | D:10     | 7728 ||| Stepping ~*~*~tactically~*~*~ (hiding).
  7735 | D:10     | 7735 ||| Stepping ~*~*~tactically~*~*~ (stealth).
  7738 | D:10     | 7738 ||| Stepping ~*~*~tactically~*~*~ (stealth).
  7741 | D:10     | 7741 ||| FLEEEEING.
  7744 | D:10     | 7744 ||| Stepping ~*~*~tactically~*~*~ (stealth).
  7745 | D:10     | 7745 ||| Stepping ~*~*~tactically~*~*~ (outnumbered).
  7746 | D:10     | 7746 ||| Stepping ~*~*~tactically~*~*~ (outnumbered).
  7747 | D:10     | 7747 ||| Stepping ~*~*~tactically~*~*~ (outnumbered).
  7750 | D:10     | 7750 ||| Stepping ~*~*~tactically~*~*~ (stealth).
  7753 | D:10     | 7753 ||| Stepping ~*~*~tactically~*~*~ (outnumbered).
  7754 | D:10     | 7754 ||| Stepping ~*~*~tactically~*~*~ (outnumbered).
  7758 | D:10     | Reached skill level 6 in Fighting
  7803 | D:10     | Found a staircase to the Orcish Mines.
  7816 | D:10     | 7816 ||| Stepping ~*~*~tactically~*~*~ (outnumbered).
  7817 | D:10     | 7817 ||| Stepping ~*~*~tactically~*~*~ (outnumbered).
  7840 | D:10     | 7840 ||| Stepping ~*~*~tactically~*~*~ (hiding).
  7864 | D:10     | 7864 ||| Stepping ~*~*~tactically~*~*~ (stealth).
  8130 | D:10     | 8130 ||| Stepping ~*~*~tactically~*~*~ (hiding).
  8132 | D:10     | 8132 ||| Stepping ~*~*~tactically~*~*~ (hiding).
  8136 | D:10     | Reached XP level 11. HP: 105/105 MP: 11/11
  8224 | D:10     | 8224 ||| Stepping ~*~*~tactically~*~*~ (stealth).
  8232 | D:10     | 8232 ||| Stepping ~*~*~tactically~*~*~ (hiding).
  8447 | D:10     | Found a sparkling altar of Nemelex Xobeh.
  8531 | D:10     | 8531 ||| UPGRADING to +4 ring of slaying {mikee}.
  8532 | D:10     | 8532 ||| DROPPING ring of resist corrosion.
  8533 | D:10     | 8533 ||| READING scroll labelled PATZEU ONAG.
  8534 | D:10     | 8534 ||| READING 2 scrolls of identify.
  8534 | D:10     | 8534 ||| IDENTIFYING fizzy cyan potion
  8535 | D:10     | 8535 ||| DROPPING potion of ambrosia.
  8555 | D:11     | 8555 ||| Stepping ~*~*~tactically~*~*~ (stealth).
  8564 | D:11     | 8564 ||| FLEEEEING.
  8565 | D:11     | 8565 ||| FLEEEEING.
  8567 | D:11     | 8567 ||| STAIRDANCE
  8597 | D:11     | Found a staircase to the Lair.
  8610 | D:11     | Reached skill level 15 in Unarmed Combat
  8717 | D:11     | 8717 ||| Stepping ~*~*~tactically~*~*~ (stealth).
  8720 | D:11     | 8720 ||| Stepping ~*~*~tactically~*~*~ (outnumbered).
  8749 | D:11     | Found Ziuluzeh's Book Shoppe.
  8790 | D:11     | Noticed a two-headed ogre
  8796 | D:11     | Killed a two-headed ogre
  8797 | D:11     | Reached skill level 3 in Dodging
  8950 | D:11     | Noticed a wizard
  8954 | D:11     | Killed a wizard
  8955 | D:11     | Reached skill level 3 in Armour
  9081 | D:11     | 9081 ||| Stepping ~*~*~tactically~*~*~ (outnumbered).
  9082 | D:11     | 9082 ||| Stepping ~*~*~tactically~*~*~ (outnumbered).
  9139 | D:11     | 9139 ||| PLANNING LAIR
  9139 | D:11     | 9139 ||| DROPPING amulet of the acrobat.
  9140 | D:11     | 9140 ||| READING 2 scrolls of identify.
  9140 | D:11     | 9140 ||| IDENTIFYING fuming amethyst potion
  9192 | Lair:1   | Entered Level 1 of the Lair of Beasts
  9266 | Lair:1   | 9266 ||| INVOKING Fiery Armour.
  9272 | Lair:1   | 9272 ||| Stepping ~*~*~tactically~*~*~ (outnumbered).
  9278 | Lair:1   | 9278 ||| Stepping ~*~*~tactically~*~*~ (outnumbered).
  9279 | Lair:1   | 9279 ||| Stepping ~*~*~tactically~*~*~ (outnumbered).
  9280 | Lair:1   | 9280 ||| Stepping ~*~*~tactically~*~*~ (outnumbered).
  9281 | Lair:1   | 9281 ||| Stepping ~*~*~tactically~*~*~ (outnumbered).
  9281 | Lair:1   | Noticed Erica
  9282 | Lair:1   | 9282 ||| Stepping ~*~*~tactically~*~*~ (outnumbered).
  9288 | Lair:1   | HP: 26/105 [wolf[Grum] (4)]
  9289 | Lair:1   | 9289 ||| READING 3 scrolls of teleportation.
  9289 | Lair:1   | Noticed Grum
  9290 | Lair:1   | 9290 ||| DRINKING potion of heal wounds.
  9293 | Lair:1   | Reached skill level 16 in Unarmed Combat
  9321 | Lair:1   | 9321 ||| Stepping ~*~*~tactically~*~*~ (stealth).
  9325 | Lair:1   | HP: 11/107 [komodo dragon (22)]
  9326 | Lair:1   | 9326 ||| READING 2 scrolls of teleportation.
  9326 | Lair:1   | Mangled by a komodo dragon

Levels and vault maps discovered:
D:1:      nicolae_arrival_somewhat_less_tricky_arrival, layout_loops_ring,
          shapermc_ecumenical_altar_mp_urbaneastern
D:2:      layout_loops_corners, basic_altar
D:3:      layout_rooms, mainiacjoe_overflow_brackets
D:4:      layout_rooms, minmay_temple_entry_statues, serial_shops,
          nicolae_lakefront_shop, gammafunk_ghost_stat_death,
          minmay_mini_ossuary
D:5:      layout_gridville, makhleb_heckhound_becter, portal_sewer_entry_a
D:6:      layout_cave_pods, serial_shops, nicolae_shop_trees, minivault_5,
          lightli_corner_chamber, uniq_menkaure, uniq_maggie
D:7:      layout_basic, elyvilon_altar_1, mainiacjoe_overflow_swirl,
          gammafunk_ghost_cemetery, serial_corexii_hall,
          chequers_hall_statues_wall_a, corexii_hall_statues_x,
          uniq_prince_ribbit1
D:8:      layout_cave_pools, nicolae_tso_carved_into_rock, lemuel_doored_altar,
          serial_park, serial_park_gazebo [serial_park_minivault_5x5_7],
          serial_park_tiny_2, gammafunk_ghost_ooze, nicolae_wooded_promenade
D:9:      layout_small_grid, gammafunk_ghost_berserking_beasts, serial_shops,
          nicolae_shop_trees, shop, nicolae_lakefront_shop, nicolae_square_shop,
          shop
D:10:     layout_irregular_city, mainiacjoe_overflow_surrounded_room,
          orc_0_dummy
D:11:     layout_roguey, david_lair_generic, serial_shops,
          nicolae_shop_waterfront
Lair:1:   layout_long_grid, serial_bayou_lagoon_a, st_stairs_9, worms_lemuel,
          uniq_grum, uniq_gastronok, uniq_erica

Skill      XL: |  1  2  3  4  5  6  7  8  9 10 11 |
---------------+----------------------------------+-----
Unarmed Combat | 4 5 6 7 8 10 12 14 16 | 16.0
Throwing       | 1 2 3 4 |  4.0
Dodging        | 1 2 3 |  3.6
Fighting       | 3 4 5 6 |  6.9
Armour         | 1 2 3 |  3.3
Spellcasting   | |  1.0
Fire Magic     | |  2.1

Action                   |  1- 3 |  4- 6 |  7- 9 | 10-12 || total
-------------------------+-------+-------+-------+-------++-------
Melee: Unarmed           |    91 |    75 |   211 |   238 ||   615
       Punch             |     1 |       |    11 |    18 ||    30
Throw: Large rock        |     5 |    28 |    16 |       ||    49
       Javelin           |       |       |       |    11 ||    11
Invok: Fiery Armour      |       |     3 |     1 |     3 ||     7
  Use: Scroll            |     1 |     6 |    12 |     7 ||    26
       Potion            |       |     2 |     1 |     1 ||     4
Armor: Robe              |    34 |    37 |    34 |       ||   105
       Acid dragon scale |       |       |    56 |   135 ||   191
Dodge: Dodged            |    34 |    21 |    88 |   117 ||   260

Table legend:
 A = Non-vault XP
 B = Vault XP
 C = Vault XP percentage of total XP
 D = Non-vault monster count
 E = Vault monster count
 F = Vault count percentage of total count
                 A         B        C        D         E       F
            +---------+---------+-------+---------+---------+-------
      Total |   18472 |    2164 |  10.5 |     255 |      18 |   6.6
            +---------+---------+-------+---------+---------+-------
        D:1 |      25 |       0 |   0.0 |      14 |       0 |   0.0
        D:2 |      86 |       0 |   0.0 |      23 |       0 |   0.0
        D:3 |     130 |       0 |   0.0 |      22 |       0 |   0.0
        D:4 |     549 |      22 |   3.9 |      34 |       5 |  12.8
        D:5 |     661 |      46 |   6.5 |      18 |       3 |  14.3
        D:6 |     534 |     584 |  52.2 |      12 |       2 |  14.3
        D:7 |    1159 |     251 |  17.8 |      21 |       1 |   4.5
        D:8 |    1369 |       0 |   0.0 |      29 |       0 |   0.0
        D:9 |    2128 |       0 |   0.0 |      30 |       0 |   0.0
       D:10 |    3496 |     121 |   3.3 |      24 |       1 |   4.0
       D:11 |    3932 |     815 |  17.2 |      13 |       3 |  18.8
     Lair:1 |    4403 |     325 |   6.9 |      15 |       3 |  16.7
            +---------+---------+-------+---------+---------+-------
